 Dungeon Crawl Stone Soup version 0.26-a0-812-g31a745ddcd (webtiles) character file.

Game seed: 18419973722575552653

2383 Borgoz the Slasher (level 9, 0/78 HPs)
             Began as a Ghoul Monk on Dec 8, 2020.
             Was a Priest of Okawaru.
             Slain by Harold
             ... wielding a +2 scimitar of electrocution
              (11 damage)
             ... on level 7 of the Dungeon.
             The game lasted 00:10:27 (9372 turns).

Borgoz the Slasher (Ghoul Monk)                     Turns: 9372, Time: 00:10:27

Health: 0/78       AC: 12    Str: 17      XL:     9   Next: 45%
Magic:  0/8        EV: 10    Int:  5      God:    Okawaru [***...]
Gold:   278        SH:  0    Dex: 10 (12) Spells: 8/8 levels left

rFire    . . .     SeeInvis .   v - +0 long sword
rCold    + + .     Faith    .   (no shield)
rNeg     + + +     Spirit   +   q - +0 scale mail
rPois    ∞         Reflect  .   e - +0 helmet
rElec    .         Harm     .   (no cloak)
rCorr    .         Rampage  .   k - +2 pair of gloves
MR       .....                  (no boots)
Stlth    ..........             o - amulet of guardian spirit
HPRegen  0.00/turn              d - ring of protection from cold
MPRegen  0.11/turn              (no ring)

@: mighty, marked
A: rotting body, claws 1, cold resistance 1, negative energy resistance 3,
inhibited regeneration, torment resistance, unbreathing
a: Heroism, Renounce Religion


You were on level 7 of the Dungeon.
You worshipped Okawaru.
Okawaru was most pleased with you.
You visited 2 branches of the dungeon, and saw 8 of its levels.

You collected 278 gold pieces.

Inventory:

Hand Weapons
 v - a +0 long sword (weapon)
Armour
 e - a +0 helmet (worn)
 k - a +2 pair of gloves (worn)
 q - a +0 scale mail (worn)
 u - a +0 crystal plate armour
Jewellery
 d - a ring of protection from cold (left hand)
 l - an uncursed ring of ice
 o - an amulet of guardian spirit (around neck)
 w - an uncursed amulet of faith
Wands
 g - a wand of iceblast (8)
Scrolls
 b - a scroll of enchant armour {unknown}
 f - 2 scrolls of teleportation
 h - 2 scrolls of fear
 i - 4 scrolls of remove curse
 j - a scroll of blinking {unknown}
 n - 2 scrolls of noise {unknown}
 p - 3 scrolls of fog {unknown}
 r - a scroll of magic mapping {unknown}
 t - a scroll of immolation {unknown}
Potions
 c - 2 potions of brilliance {unknown}
 m - 3 potions of curing
 s - 2 potions of haste {unknown}
 x - a potion of magic {unknown}


   Skills:
 + Level 6.8 Fighting
 * Level 7.7 Long Blades
 * Level 7.1 Armour
 - Level 2.6 Dodging
 - Level 2.1 Stealth


You had 8 spell levels left.
You didn't know any spells.
Your spell library contained the following spells:

 Spells                   Type           Power        Failure   Level
 Magic Dart               Conj           #...         83%         1
 Blink                    Tloc           N/A          93%         2
 Call Imp                 Summ           #.......     93%         2
 Corpse Rot               Necr/Air       N/A          93%         2
 Slow                     Hex            #.......     93%         2
 Conjure Flame            Conj/Fire      #.......     99%         3
 Mephitic Cloud           Conj/Pois/Air  #.......     99%         3
 Dispel Undead            Necr           #.......     100%        4
 Agony                    Necr           #.......     100%        5
 Excruciating Wounds      Necr           #.........   100%        5
 Sublimation of Blood     Necr           Unusable     N/A         2

Dungeon Overview and Level Annotations

Branches:
Dungeon (7/15)             Temple (1/1) D:6

Altars:
Ashenzari
Cheibriados
Dithmenos
Elyvilon
Fedhas
Gozag
Hepliaklqana
Kikubaaqudgha
Makhleb
Nemelex Xobeh
Okawaru
Qazlal
Ru
Sif Muna
Trog
Uskayaw
Wu Jian
Xom
The Shining One

Shops:
D:6 :

Annotations:
D:3 exclusion: oklob plant
D:4 3 runed translucent doors, MoonlitKnight's ghost, amateur HOMo
D:7 Harold


Innate Abilities, Weirdness & Mutations

Your body is rotting away.
You thrive by killing the living.
You are immune to poison.
You have sharp fingernails.
Your flesh is cold resistant. (rC+)
You are immune to negative energy. (rN+++)
You do not regenerate when monsters are visible.
You are immune to unholy pain and torment.
You can survive without breathing.


Message History

You are electrocuted!
You are too injured to fight recklessly!
You are too injured to fight recklessly!
You are too injured to fight recklessly!
You are too injured to fight recklessly!
It was a potion of might.
You feel very mighty all of a sudden.
You barely miss Harold.
Harold is lightly wounded.
Harold hits you with a +2 scimitar of electrocution.
You hit Harold.
Harold is lightly wounded.
Harold hits you with a +2 scimitar of electrocution.
You are electrocuted!!
* * * LOW HITPOINT WARNING * * *
A bullfrog comes into view.
You slash Harold!
Harold is moderately wounded.
Harold hits you with a +2 scimitar of electrocution!
You die...

.#. . #.##.
..# ###.
#.##.
...#...
#.... #.#..#
####.
#....#######
#.
#.F........
#. #5# #.
#@# #. #@#
#.##. #.#
#.##. #.#
#.###
#.########
#.#
#........#
#.# #
########.#
#.###
#.#####.##.
#..........
##########.


You could see Harold, a bullfrog and a quasit.

Vanquished Creatures
  Pikel (D:5)
  A water moccasin (D:6)
  Duvessa (D:6)
  An orc warrior (D:6)
  A black bear (D:7)
  A sky beast (D:5)
  A necrophage (D:6)
  2 ogres
  A centaur (D:7)
  A big kobold (D:7)
  2 bullfrogs (D:6)
  Dowan (D:6)
  A scorpion (D:6)
  A water moccasin skeleton (D:7)
  2 howler monkeys
  A jelly (D:7)
  3 orc priests
  2 hounds
  2 iguanas
  3 orc wizards
  5 worker ants
  A hound zombie (D:7)
  8 adders
  2 white imps (D:5)
  3 ufetubi
  An ooze (D:1)
  An adder zombie (D:7)
  5 worms
  3 dart slugs
  4 leopard geckos
  14 orcs
  3 ball pythons
  5 giant cockroaches
  13 goblins
  8 hobgoblins
  12 jackals
  7 kobolds
  5 quokkas
  4 bats
  8 frilled lizards
  5 rats
146 creatures vanquished.

Vanquished Creatures (others)
  An ufetubus (D:6)
  8 fungi (D:3)
  20 plants (D:3)
29 creatures vanquished.

Grand Total: 175 creatures vanquished

Notes
Turn   | Place    | Note
-------+----------+-------------------------------------------
     0 | D:1      | Borgoz the Ghoul Monk began the quest for the Orb.
     0 | D:1      | Reached XP level 1. HP: 19/19 MP: 0/0
    27 | D:1      | Reached XP level 2. HP: 12/26 MP: 1/1
   267 | D:1      | Reached skill level 1 in Armour
   663 | D:1      | Reached XP level 3. HP: 31/31 MP: 2/2
  1830 | D:2      | Reached XP level 4. HP: 25/40 MP: 3/3
  2283 | D:2      | Found a sacrificial altar of Ru.
  2767 | D:3      | Found a shadowy altar of Dithmenos.
  3077 | D:3      | Found a blossoming altar of Fedhas.
  3087 | D:3      | Reached XP level 5. HP: 43/46 MP: 4/4
  3098 | D:3      | Noticed an oklob plant
  3868 | D:4      | Found a runed translucent gate.
  3869 | D:4      | Found a runed translucent gate.
  3874 | D:4      | Found a runed translucent gate.
  4146 | D:4      | Noticed an ogre
  4176 | D:4      | Killed an ogre
  4176 | D:4      | Reached XP level 6. HP: 33/53 MP: 5/5
  4469 | D:4      | Noticed an ice beast
  4833 | D:4      | Found a broken altar of Ashenzari.
  4835 | D:4      | Found a snail-covered altar of Cheibriados.
  4835 | D:4      | Found a stormy altar of Qazlal.
  4839 | D:4      | Found an ornate altar of the Wu Jian Council.
  4926 | D:4      | Noticed an ice beast
  4928 | D:4      | Noticed MoonlitKnight's ghost (amateur HOMo)
  4940 | D:5      | Entered Level 5 of the Dungeon
  4976 | D:5      | Found an iron altar of Okawaru.
  5017 | D:5      | Became a worshipper of Warmaster Okawaru
  5017 | D:5      | Reached * piety under Okawaru
  5017 | D:5      | Reached ** piety under Okawaru
  5560 | D:5      | Found a glowing golden altar of the Shining One.
  5562 | D:5      | Noticed a sky beast
  5598 | D:5      | Killed a sky beast
  5598 | D:5      | Reached XP level 7. HP: 29/60 MP: 6/6
  5844 | D:5      | Noticed Pikel
  5876 | D:5      | Killed Pikel
  5876 | D:5      | Reached skill level 5 in Fighting
  5876 | D:5      | Reached skill level 5 in Long Blades
  5876 | D:5      | Reached skill level 5 in Armour
  5876 | D:5      | Reached XP level 8. HP: 15/69 MP: 0/7
  6487 | D:6      | Noticed Duvessa
  6500 | D:6      | Noticed Dowan
  6503 | D:6      | Reached *** piety under Okawaru
  6532 | D:6      | Killed Duvessa
  6545 | D:6      | Killed Dowan
  6806 | D:6      | Found a shimmering blue altar of Sif Muna.
  7024 | D:6      | Found a stormy altar of Qazlal.
  7061 | D:6      | Found a staircase to the Ecumenical Temple.
  7136 | Temple   | Entered the Ecumenical Temple
  7453 | D:6      | Found Muareik Meti's Book Boutique.
  7753 | D:6      | Reached XP level 9. HP: 66/78 MP: 5/8
  9352 | D:7      | Noticed Harold
  9372 | D:7      | Slain by Harold

Illustrated notes

Levels and vault maps discovered:
D:1:      minmay_arrival_wavy_path, layout_basic, st_stairs_1,
          kennysheep_another_room, minmay_stone_trees_small, amethyst_killhole
D:2:      layout_loops_ring, nicolae_ru_the_path_less_chosen
D:3:      layout_loops_ring, tgw_fedhas, old_standard_altar,
          minmay_misc_feat_doors
D:4:      layout_basic, minitemple, gammafunk_ghost_icy, minmay_pentangle
D:5:      layout_basic, okawaru_metal_pillars_1_2, grunt_ministairs_7,
          nicolae_tso_carved_into_rock, uniq_pikel
D:6:      layout_basic, kennysheep_little_box, lemuel_temple_firewalk_b,
          basic_altar, serial_shops, shop, uniq_duvessa
D:7:      layout_loops_ring, serial_shops, nicolae_shop_waterfront, minmay_bent,
          uniq_harold
Temple:   nicolae_temple_figure_zero

Skill      XL: |  1  2  3  4  5  6  7  8  9 |
---------------+----------------------------+-----
Long Blades    | 3 4 5 7 |  7.7
Armour         | 1 2 3 5 6 7 |  7.1
Fighting       | 4 5 6 |  6.8
Dodging        | |  2.6
Stealth        | |  2.1

Action                   |  1- 3 |  4- 6 |  7- 9 || total
-------------------------+-------+-------+-------++-------
Melee: Falchion          |   120 |   340 |   163 ||   623
       Long sword        |       |       |   193 ||   193
Invok: Heroism           |       |       |     1 ||     1
Evoke: Wand              |       |       |     1 ||     1
  Use: Scroll            |       |     7 |     5 ||    12
       Potion            |       |       |     7 ||     7
 Stab: Sleeping          |     4 |     2 |       ||     6
       Distracted        |       |     1 |       ||     1
       Invisible         |       |       |    10 ||    10
Armor: Robe              |    30 |     8 |       ||    38
       Scale mail        |       |   141 |   215 ||   356
Dodge: Dodged            |    86 |   173 |   241 ||   500
       Rpst.: Falchion   |    30 |    47 |    38 ||   115
       Long sword        |       |       |    38 ||    38

Table legend: (Time is in decaauts)
 A = Elapsed time spent in this place.
 B = Non-inter-level travel time spent in this place.
 C = Inter-level travel time spent in this place.
 D = Time resting spent in this place.
 E = Time spent auto-exploring this place.
 F = Levels seen in this place.
 G = Mean time per level.
                   A        B        C        D        E       F      G
               +--------+--------+--------+--------+--------+-----+--------+
         Total |   9429 |   9122 |    307 |   2625 |   4918 |   8 | 1178.6 |
       Dungeon |   9311 |   9014 |    297 |   2625 |   4811 |   7 | 1330.1 |
        Temple |    117 |    107 |     10 |      0 |    107 |   1 |  117.0 |
               +--------+--------+--------+--------+--------+-----+--------+

Top non-repeatable levels by time:
     D:5: 1770 daAuts
     D:6: 1765 daAuts
     D:1: 1382 daAuts
     D:2: 1243 daAuts
     D:3: 1191 daAuts
     D:4: 1168 daAuts
     D:7: 789 daAuts
  Temple: 117 daAuts
